 Dungeon Crawl Stone Soup version 0.20-a0-983-g35de22d (webtiles) character file.

114 Rrauwl the Stinger (level 4, -7/30 HPs)
             Began as a Bultungin Venom Mage on Apr 10, 2017.
             Mangled by a gnoll
             ... wielding a +0 spear
              (10 damage)
             ... on level 3 of the Dungeon.
             The game lasted 00:11:59 (2489 turns).

Rrauwl the Stinger (Bultungin Venom Mage)           Turns: 2489, Time: 00:11:59

Health: -7/30      AC:  5    Str:  8    XL:     4   Next: 98%
Magic:  8/10       EV:  7    Int: 18    God:
Gold:   119        SH:  0    Dex: 14    Spells: 8/12 levels left

rFire    + . .     SeeInvis +   i - +5 club
rCold    . . .     Gourm    .   (no shield)
rNeg     . . .     Faith    .   a - +0 robe
rPois    .         Spirit   .   h - +2 helmet of the Valley {rF+ Int+3 Stlth-}
rElec    .         Reflect  .   (no cloak)
rCorr    .         Harm     .   (no gloves)
MR       .....                  (no boots)
Stlth    +.........             (no amulet)
Regen    0.1/turn               (no ring)
MPRegen  0.2/turn               (no ring)

@: held
A: short attention span, fangs 1, see invisible, strong nose
a: no special abilities


You were on level 3 of the Dungeon.
You were not hungry.

You visited 1 branch of the dungeon, and saw 3 of its levels.

You collected 119 gold pieces.

Inventory:

Hand Weapons
 i - a +5 club (weapon)
Missiles
 g - 21 bolts
Armour
 a - a +0 robe (worn)
 h - the +2 helmet of the Valley (worn) {rF+ Int+3 Stlth-}
   (You took it off Robin on level 3 of the Dungeon)

   It affects your intelligence (+3).
   It protects you from fire.
   It makes you less stealthy.
Scrolls
 l - 4 scrolls of remove curse
Potions
 e - a potion of heal wounds
 f - a potion of agility
Books
 b - a Young Poisoner's Handbook

   Spells                             Type                      Level
   a - Sting                          Conjuration/Poison           1
   b - Poisonous Vapours              Poison/Air                   2
   c - Mephitic Cloud                 Conjuration/Poison/Air       3
   d - Olgreb's Toxic Radiance        Poison                       4
   e - Venom Bolt                     Conjuration/Poison           5
Comestibles
 c - 2 bread rations
 d - 3 chunks of flesh


   Skills:
 + Level 0.0 Fighting
 + Level 0.0 Maces & Flails
 + Level 0.0 Armour
 + Level 3.0 Dodging
 - Level 3.0 Stealth
 + Level 4.7 Spellcasting
 + Level 3.9 Conjurations
 + Level 0.0 Air Magic
 + Level 5.9 Poison Magic


You had 8 spell levels left.
You knew the following spells:

 Your Spells              Type           Power        Failure   Level  Hunger
a - Sting                 Conj/Pois      ###.         1%          1    None
b - Mephitic Cloud        Conj/Pois/Air  ###.....     14%         3    ###....


Dungeon Overview and Level Annotations

Branches:
Dungeon (3/15)

Altars:
Wu Jian


Innate Abilities, Weirdness & Mutations

You have a short attention span.
You have very sharp teeth.
You have supernaturally acute eyesight. (SInv)
Your uncanny sense of smell can sniff out nearby items.


Message History

The gnoll hits you but does no damage. The gnoll closely misses you.
The gnoll barely misses you.
You barely miss the gnoll.
The gnoll is almost dead.
The gnoll barely misses you. x2; The gnoll hits you but does no damage.
The gnoll barely misses you.
The gnoll throws a throwing net.
The throwing net hits you.
You become entangled in the net!
You see here a throwing net.
Casting: Sting
Confirm with . or Enter, or press ? or * to list all spells.
Aiming: Sting
Press: ? - help, Shift-Dir - straight line, f/p - gnoll
Aim: a gnoll, wielding a club (moderately wounded)
The sting hits the gnoll.
The gnoll is poisoned.
The gnoll is severely wounded.
The gnoll hits you with a club!
* * * LOW HITPOINT WARNING * * *
The gnoll hits you from afar with a spear!
You die...

## ##.#
##...###########
....%.#.ggg.....
#...#..g##
#..@..# ##...##
....## ####.#
#.# #+#


You could see 4 gnolls.

Vanquished Creatures
  Robin (D:3)
  3 adders
  An ooze (D:1)
  2 worms (D:2)
  2 dart slugs
  2 leopard geckos
  2 ball pythons
  2 bats
  4 giant cockroaches
  12 hobgoblins
  2 jackals (D:2)
  A quokka (D:2)
  5 frilled lizards
  12 goblins
  5 kobolds
  3 rats
59 creatures vanquished.

Notes
Turn   | Place    | Note
-------+----------+-------------------------------------------
     0 | D:1      | Rrauwl the Bultungin Venom Mage began the quest for the Orb.
     0 | D:1      | Reached XP level 1. HP: 13/13 MP: 4/4
   183 | D:1      | Reached XP level 2. HP: 19/19 MP: 1/6
   606 | D:1      | Reached skill level 5 in Poison Magic
   665 | D:1      | Reached XP level 3. HP: 15/24 MP: 0/8
  1062 | D:2      | Learned a level 3 spell: Mephitic Cloud
  1218 | D:2      | Found an ornate altar of the Wu Jian Council.
  1321 | D:2      | Reached XP level 4. HP: 30/30 MP: 5/10
  1853 | D:3      | Noticed Robin
  1872 | D:3      | Killed Robin
  1874 | D:3      | Got a dazzling helmet
  1878 | D:3      | Identified the +2 helmet of the Valley {rF+ Int+3 Stlth-} (You took it off Robin on level 3 of the Dungeon)
  2489 | D:3      | Mangled by a gnoll

Vault maps used:
D:1:      lightli_arrival_quake
D:2:      overflow_temple_1_default
D:3:      uniq_robin

Skill      XL: |  1  2  3 |
---------------+----------+-----
Conjurations   | 2 3 |  3.9
Stealth        | 3 |  3.0
Poison Magic   | 5 |  5.9
Spellcasting   | 4 |  4.7
Dodging        | |  3.0

Action                   |  1- 3 |  4- 6 || total
-------------------------+-------+-------++-------
Melee: Unarmed           |    76 |       ||    76
       Bite              |    10 |     1 ||    11
       Short sword       |    17 |    16 ||    33
       Club              |       |    10 ||    10
 Cast: Sting             |    68 |    42 ||   110
  Use: Scroll            |       |     6 ||     6
       Potion            |       |     4 ||     4
 Stab: Sleeping          |       |     1 ||     1
  Eat: Chunk             |     1 |     4 ||     5
Armor: Robe              |    25 |     5 ||    30
Dodge: Dodged            |    92 |    21 ||   113
